 Dungeon Crawl Stone Soup version 0.15-a0-2374-gaadabb3 (webtiles) character file.

149 Ololoev the Caller (level 5, -2/35 HPs)
             Began as a Mummy Summoner on Aug 1, 2014.
             Was an Initiate of Sif Muna.
             Slain by a gnoll (7 damage)
             ... on Level 3 of the Dungeon.
             The game lasted 00:10:11 (2655 turns).

Ololoev the Caller (Mummy Summoner)                 Turns: 2655, Time: 00:10:11

HP  -2/35        AC  2     Str 11      XL: 5   Next:  9%
MP   1/11        EV 12     Int 15      God: Sif Muna [......]
Gold 101         SH  0     Dex 12      Spells:  4 memorised,  2 levels left

rFire  x . .     SeeInvis .     c - +1 dagger (venom)
rCold  + . .     Clarity  .     a - +0 robe
rNeg   + + +     rCorr    .     (no shield)
rPois  +         rRot     +     (no helmet)
rElec  .         Spirit   .     (no cloak)
SustAb .         Warding  .     (no gloves)
rMut   .         Stasis   .     (no boots)
Gourm  .                        (no amulet)
MR     .....                    (no ring)
                                (no ring)

@: not resistant to hostile enchantments, unstealthy
A: no food or potions, fire vulnerability, restore body, cold resistance 1,
negative energy resistance 3, poison resistance, torment resistance, unbreathing
a: Renounce Religion


You were on level 3 of the Dungeon.
You worshipped Sif Muna.
Sif Muna was noncommittal.
You were not hungry.

You visited 1 branch of the dungeon, and saw 3 of its levels.

You collected 101 gold pieces.

Inventory:

Hand weapons
 c - a +1 dagger of venom (weapon)
 i - a cursed -3 whip
Armour
 a - a +0 robe (worn)
Scrolls
 e - a scroll of identify {unknown}
 f - 2 scrolls of remove curse {unknown}
Jewellery
 d - an uncursed ring of fire {unknown}
 g - an uncursed amulet of clarity {unknown}
Books
 b - a book of Callings

   Spells                             Type                      Level
   *Summon Small Mammal               Summoning                    1
   *Call Imp                          Summoning                    2
   *Call Canine Familiar              Summoning                    3
   Summon Guardian Golem              Hexes/Summoning              4
   Summon Lightning Spire             Summoning/Air                4
   Summon Ice Beast                   Ice/Summoning                4
 h - a book of Frost

   Spells                             Type                      Level
   Freeze                             Ice                          1
   *Throw Frost                       Conjuration/Ice              2
   Ozocubu's Armour                   Charms/Ice                   3
   Throw Icicle                       Conjuration/Ice              4
   Summon Ice Beast                   Ice/Summoning                4
   Condensation Shield                Ice                          4


   Skills:
 - Level 1.5 Dodging
 - Level 1.5 Stealth
 - Level 3.0 Spellcasting
 - Level 4.7 Summonings
 * Level 1.0 Ice Magic


You had 2 spell levels left.
You knew the following spells:

 Your Spells              Type           Power        Failure   Level  Hunger
a - Summon Small Mammal   Summ           ###.         3%          1    N/A
b - Call Imp              Summ           ###.....     6%          2    N/A
c - Call Canine Familiar  Summ           ###.....     12%         3    N/A
d - Throw Frost           Conj/Ice       #.....       28%         2    N/A

Dungeon Overview and Level Annotations

Branches:
Dungeon (3/15)

Altars:
Sif Muna
Zin


Innate Abilities, Weirdness & Mutations

You do not eat or drink.
Your flesh is vulnerable to fire.
Your flesh is cold resistant.
You are immune to negative energy.
Your system is resistant to poisons.
You are immune to unholy pain and torment.
You can survive without breathing.


Message History

Your hound closely misses the gnoll.
Your hound barely misses the gnoll.
The gnoll hits your hound with a halberd!
Your hound dies!
Your hound's corpse disappears in a puff of smoke!
You hit the gnoll.
The gnoll is almost dead.
You closely miss the gnoll.
The gnoll is almost dead.
The gnoll hits you with a halberd! The gnoll hits you!
You hit the gnoll.
The gnoll is poisoned.
The gnoll is almost dead.
The gnoll closely misses you. The gnoll hits you with a halberd.
* * * LOW HITPOINT WARNING * * *
You kill the gnoll!
Your Ice Magic skill increases to level 1!
Casting: Call Canine Familiar
Confirm with . or Enter, or press ? or * to list all spells.
The gnoll hits you!
You die...

#.# . #!# ... #)#
### .... #.#... #
.....##.#.# # .....
......$.<..# .#
....#. ##.#####.#
..... #.)g.#...
....
#.#.@#.##########
...
#.h..............
#.#
##.##.##########.
#.# #.##.# ..#
#.##.# #.## #.##.#
##.## #.##.# ##.#
#.##.#
##..##########)##.#


You could see a gnoll and a friendly hound.

Vanquished Creatures
  4 adders (D:2)
  3 gnolls
  A giant mite (D:1)
  A worm (D:2)
  3 ball pythons
  2 giant cockroaches
  8 goblins
  8 hobgoblins
  3 jackals (D:2)
  8 bats
  5 giant newts
  7 kobolds
  8 rats
61 creatures vanquished.

Vanquished Creatures (collateral kills)
  3 gnolls
  A hobgoblin (D:2)
  A bat (D:3)
  A giant newt (D:2)
  2 goblins
  A kobold (D:3)
9 creatures vanquished.

Vanquished Creatures (others)
  2 crimson imps
  2 hounds
  A white imp (D:3)
  2 rats (D:2)
7 creatures vanquished.

Grand Total: 77 creatures vanquished

Notes
Turn   | Place    | Note
--------------------------------------------------------------
     0 | D:1      | Ololoev, the Mummy Summoner, began the quest for the Orb.
     0 | D:1      | Reached XP level 1. HP: 13/13 MP: 3/3
   586 | D:1      | Reached XP level 2. HP: 19/19 MP: 4/4
   718 | D:1      | Learned a level 2 spell: Call Imp
  1035 | D:1      | Reached XP level 3. HP: 22/24 MP: 6/6
  1040 | D:1      | Learned a level 3 spell: Call Canine Familiar
  1359 | D:2      | Found a deep blue altar of Sif Muna.
  1486 | D:2      | Reached skill level 4 in Summonings
  1501 | D:2      | Reached XP level 4. HP: 23/30 MP: 4/8
  1839 | D:2      | Found a glowing silver altar of Zin.
  2376 | D:2      | Became a worshipper of Sif Muna the Loreminder
  2392 | D:3      | Learned a level 2 spell: Throw Frost
  2640 | D:3      | Reached XP level 5. HP: 35/35 MP: 3/11
  2654 | D:3      | Reached skill level 1 in Ice Magic
  2655 | D:3      | Slain by a gnoll

Action                   |  1- 3 |  4- 6 || total
-------------------------+-------+-------++-------
Melee: Unarmed           |    31 |       ||    31
       Dagger            |    89 |   100 ||   189
 Cast: Call Imp          |     5 |     2 ||     7
       Summon Small Mamm |     3 |       ||     3
       Call Canine Famil |     1 |     3 ||     4
 Stab: Sleeping          |       |     1 ||     1
